 Dungeon Crawl Stone Soup version 0.24-a0-416-g56ce5178b7 (webtiles) character file.

Game seed: 3455180768423707129

471 Amnesiac the Insei (level 7, -3/46 HPs)
             Began as an Octopode Transmuter on June 9, 2019.
             Was an Initiate of Gozag.
             Slain by an iguana (12 damage)
             ... on level 4 of the Dungeon.
             The game lasted 00:07:51 (4537 turns).

Amnesiac the Insei (Octopode Transmuter)            Turns: 4537, Time: 00:07:51

Health: -3/46      AC:  1    Str:  9 (10) XL:     7   Next: 9%
Magic:  0/11       EV: 14    Int: 12 (15) God:    Gozag
Gold:   463        SH:  0    Dex: 14 (17) Spells: 6/11 levels left

rFire    . . .     SeeInvis .     - Unarmed
rCold    . . .     Gourm    .   (no shield)
rNeg     . . .     Faith    .   (helmet restricted)
rPois    .         Spirit   +   b - amulet of guardian spirit
rElec    .         Reflect  .   (no ring)
rCorr    .         Harm     .   o - +3 ring of dexterity
MR       .....                  (no ring)
Stlth    ++........             (no ring)
HPRegen  0.15/turn              (no ring)
MPRegen  0.12/turn              (no ring)
                                (no ring)
                                (no ring)

@: very slightly contaminated
A: almost no armour, stealthy swim, amphibious, 8 rings, constrict 8, camouflage
1, gelatinous body 1
a: Potion Petition, Call Merchant, Bribe Branch, Renounce Religion


You were on level 4 of the Dungeon.
You worshipped Gozag.
Gozag was aware of your devotion.
You were not hungry.

You visited 2 branches of the dungeon, and saw 5 of its levels.

You collected 570 gold pieces.
You paid 107 gold pieces to Gozag.

Inventory:

Missiles
 a - 50 arrows
Jewellery
 b - an amulet of guardian spirit (around mantle)
 o - a +3 ring of dexterity (right tentacle)
Wands
 m - a wand of acid (7)
 q - a wand of polymorph (11)
Scrolls
 e - 2 scrolls of teleportation {!r, unknown}
 f - a scroll of identify {!r}
 j - 2 scrolls of remove curse {!r}
 n - a scroll of magic mapping {!r}
 r - a scroll of fog {!r}
Potions
 d - a potion of heal wounds {!q, unknown}
 g - 2 potions of curing {!q}
 h - 3 potions of cancellation {!q}
 i - a potion of degeneration {!q}
 k - 2 potions of invisibility {!q, unknown}
 l - a potion of lignification {!q}
 p - a potion of might {!q}
 t - a potion of brilliance {!q, unknown}
Comestibles
 c - 6 rations


   Skills:
 + Level 3.0 Fighting
 + Level 3.0 Dodging
 * Level 4.5 Unarmed Combat
 + Level 2.9 Spellcasting
 * Level 4.5 Transmutations


You had 6 spell levels left.
You knew the following spells:

 Your Spells              Type           Power        Failure   Level  Hunger
b - Sticks to Snakes      Tmut           ##......     5%          2    ###....
e - Spider Form           Tmut/Pois      #.........   28%         3    ###....

Your spell library contained the following spells:

 Spells                   Type           Power        Failure   Level  Hunger
 Beastly Appendage        Tmut           ##....       3%          1    #......
 Ice Form                 Ice/Tmut       #.......     67%         4    #####..
 Blade Hands              Tmut           ##........   71%         5    ######.


Dungeon Overview and Level Annotations

Branches:
Dungeon (4/15)             Temple (1/1) D:4

Altars:
Elyvilon
Gozag
Hepliaklqana
Nemelex Xobeh
Uskayaw
Yredelemnul
Zin

Annotations:
D:4 1 transporter


Innate Abilities, Weirdness & Mutations

You cannot wear most types of armour.
You are very stealthy in the water. (Stealth+)
You are amphibious.
You can wear up to eight rings at the same time.
You can use your tentacles to constrict eight enemies at once.
Your skin changes colour to match your surroundings (Stealth+).
Your rubbery body absorbs attacks. (AC +1, EV +1)


Message History

The bullfrog skeleton is severely damaged.
You constrict the bullfrog skeleton. The bullfrog skeleton hits you.
* * * LOW HITPOINT WARNING * * *
Cast which spell? (? or * to list)
You create a snake!
You now have 50 arrows.
You constrict the bullfrog skeleton. The bullfrog skeleton hits you.
* * * LOW HITPOINT WARNING * * *
You tentacle-slap the bullfrog skeleton.
You destroy the bullfrog skeleton!
You swap places.
The orc warrior throws a stone.
The stone hits your ball python!
Your ball python dies!
The orc warrior throws a stone.
The stone barely misses you. The iguana barely misses you.
The orc warrior throws a stone.
The stone hits you!
* * * LOW HITPOINT WARNING * * *
You see here a stone.
Casting: Sticks to Snakes (safe; 4% risk of failure)
Confirm with . or Enter, or press ? or * to list all spells.
You miscast Sticks to Snakes.
You are very lightly contaminated with residual magic.
Your skin glows momentarily.
The orc warrior becomes distracted by the nearby gold, dreaming of imaginary riches.
The iguana misses you.
Really quaff
g - 6 viscous grey potions {!q}?
It was a potion of curing {!q}.
You feel better. The iguana bites you!
* * * LOW HITPOINT WARNING * * *
Really quaff
g - 5 potions of curing {!q}?
You feel better.
The orc warrior is no longer distracted by gold.
The iguana misses you.
The orc warrior throws a stone.
The stone closely misses you.
Things that are here:
17 gold pieces; a stone
Casting: Sticks to Snakes (safe; 4% risk of failure)
Confirm with . or Enter, or press ? or * to list all spells.
You don't have enough magic to cast that spell.
Unknown command.
Okay, then.
Really quaff
g - 4 potions of curing {!q}?
You feel better. The iguana misses you.
Really quaff
i - 2 yellow potions {!q}?
It was a potion of degeneration {!q}.
There was something very wrong with that liquid.
You feel weakened.
You feel dopey.
You feel clumsy. The iguana bites you!
* * * LOW HITPOINT WARNING * * *
Really quaff
g - 3 potions of curing {!q}?
You feel better.
The iguana bites you but does no damage.
Press: ? - help, v - describe, . - travel
Here: an iguana The floor.
Unknown command.
Okay, then.
Okay, then.
Really read
s - a scroll labeled VIERIH UJACKEAQO {!r}?
As you read the scroll labeled VIERIH UJACKEAQO {!r}, it crumbles to dust.
The creatures around you are filled with an inner flame!
It was a scroll of immolation {!r}.
The iguana bites you.
* * * LOW HITPOINT WARNING * * *
The iguana bites you!
You die...
Your body crumbles into a pile of gold.

#.#..#########...###...
#.#.##...©$..##....#...
#.#.#8.$#.#(.8#..#.#...
#.#.#$(#...#..#..#.'...
#...#.?.......#..#.'...
#..©#_$....©.(#©...#...
##..#.[.......#....#...
##.#ol#...#..#....#...
#.#8@.#.#..8#....##..
#.##..(....##....###.
#..#########.....# ##
##...........#)#.# #
########?.....#.#
######.#.# #.#+###
##....# #....#


You could see an orc warrior (inner flame) and an iguana (inner flame).

Vanquished Creatures
  An ogre (D:4)
  A hound (D:4)
  A centaur skeleton (D:4)
  A bullfrog skeleton (D:4)
  Natasha (thrice) (D:2)
  A hound skeleton (D:4)
  Robin (D:2)
  8 adders
  4 gnolls (D:3)
  2 oozes
  2 dart slugs
  A leopard gecko (D:2)
  8 orcs
  2 ball pythons
  2 giant cockroaches
  20 goblins
  9 hobgoblins
  5 jackals (D:1)
  5 kobolds
  3 quokkas (D:2)
  4 bats
  3 frilled lizards
  A leopard gecko skeleton (D:4)
  5 rats
93 creatures vanquished.

Notes
Turn   | Place    | Note
-------+----------+-------------------------------------------
     0 | D:1      | Amnesiac the Octopode Transmuter began the quest for the
                  | Orb.
     0 | D:1      | Reached XP level 1. HP: 13/13 MP: 3/3
   249 | D:1      | Reached XP level 2. HP: 4/18 MP: 5/5
   253 | D:1      | Learned a level 2 spell: Sticks to Snakes
   850 | D:2      | Reached XP level 3. HP: 14/24 MP: 6/6
  1103 | D:1      | Learned a level 3 spell: Spider Form
  1544 | D:2      | Found a hide-covered altar of Uskayaw.
  1550 | D:2      | Reached XP level 4. HP: 17/29 MP: 3/7
  1773 | D:3      | Found a white marble altar of Elyvilon.
  2109 | D:4      | Noticed an orc warrior
  2110 | D:4      | Found a transporter.
  2173 | D:4      | Found a transporter.
  2177 | D:4      | Found a hazy altar of Hepliaklqana.
  2189 | D:4      | Reached XP level 5. HP: 26/35 MP: 5/8
  2283 | D:4      | Found a staircase to the Ecumenical Temple.
  2306 | Temple   | Entered the Ecumenical Temple
  2318 | Temple   | Became a worshipper of Gozag Ym Sagoz the Greedy
  2802 | D:2      | Noticed Robin
  2822 | D:2      | Killed Robin
  2949 | D:2      | Reached XP level 6. HP: 41/41 MP: 9/9
  2952 | D:2      | Noticed Natasha
  2958 | D:2      | Killed Natasha
  3874 | D:2      | Noticed Natasha
  3878 | D:2      | Killed Natasha
  3991 | D:2      | Noticed Natasha
  3999 | D:2      | Killed Natasha
  4111 | D:4      | Reached XP level 7. HP: 43/46 MP: 11/11
  4537 | D:4      | Slain by an iguana

Levels and vault maps discovered:
D:1:      dpeg_arrival_three_same_balls, layout_basic
D:2:      layout_basic, eat_drink_and_be_merry_uskayaw, uniq_natasha, uniq_robin
D:3:      layout_loops_ring, lemuel_crystal_altar
D:4:      kennysheep_big_flooded_room, layout_basic,
          gammafunk_temple_overflow_arena, minmay_temple_entry_stoned_glass,
          first_ration
Temple:   nicolae_temple_hex_pool

Skill      XL: |  1  2  3  4  5  6 |
---------------+-------------------+-----
Transmutations | 3 4 |  4.5
Fighting       | 2 3 |  3.0
Unarmed Combat | 4 |  4.5
Dodging        | 3 |  3.0
Spellcasting   | |  2.9

Action                   |  1- 3 |  4- 6 |  7- 9 || total
-------------------------+-------+-------+-------++-------
Melee: Unarmed           |    82 |   158 |     3 ||   243
       Constrict         |    24 |    38 |     2 ||    64
       Tentacles         |    19 |    45 |     1 ||    65
       Punch             |     1 |     5 |       ||     6
 Cast: Sticks to Snakes  |       |       |     1 ||     1
  Use: Scroll            |     2 |     5 |     1 ||     8
       Potion            |       |       |     5 ||     5
 Stab: Sleeping          |     3 |     2 |       ||     5
  Eat: Chunk             |     2 |     3 |       ||     5
       Ration            |       |     2 |       ||     2
Armor: Skin              |    12 |     8 |     1 ||    21
Dodge: Dodged            |    68 |    97 |    16 ||   181

Table legend:
 A = Non-vault XP
 B = Vault XP
 C = Vault XP percentage of total XP
 D = Non-vault monster count
 E = Vault monster count
 F = Vault count percentage of total count
                 A         B        C        D         E       F
            +---------+---------+-------+---------+---------+-------
      Total |     561 |     112 |  16.6 |      77 |      16 |  17.2
            +---------+---------+-------+---------+---------+-------
        D:1 |      40 |       0 |   0.0 |      24 |       0 |   0.0
        D:2 |     160 |      72 |  31.0 |      27 |      14 |  34.1
        D:3 |      94 |       0 |   0.0 |      15 |       0 |   0.0
        D:4 |     267 |      40 |  13.0 |      11 |       2 |  15.4
            +---------+---------+-------+---------+---------+-------
